 Dungeon Crawl Stone Soup version 0.24-a0-417-g1cce26a4d2 (webtiles) character file.

Game seed: 1303133281036392883

151 crastion the Sneak (level 5, -7/39 HPs)
             Began as a Vampire Assassin on June 10, 2019.
             Killed by divine providence
             ... invoked by an orc priest
              (9 damage)
             ... on level 3 of the Dungeon.
             The game lasted 00:15:17 (2392 turns).

crastion the Sneak (Vampire Assassin)               Turns: 2392, Time: 00:15:18

Health: -7/39      AC:  3    Str: 10    XL:     5   Next: 11%
Magic:  5/5        EV: 12    Int: 13    God:
Gold:   156        SH:  0    Dex: 17    Spells: 4/4 levels left

rFire    . . .     SeeInvis +   a - +2 dagger
rCold    . . .     Gourm    .   (no shield)
rNeg     . . .     Faith    .   y - +0 leather armour
rPois    .         Spirit   .   (no helmet)
rElec    .         Reflect  .   t - scarf {repulsion}
rCorr    .         Harm     .   (no gloves)
MR       .....                  (no boots)
Stlth    ++++......             (no amulet)
HPRegen  0.33/turn              (no ring)
MPRegen  0.09/turn              (no ring)

@: regenerating quickly, repel missiles
A: no food, fangs 3, see invisible, unbreathing
a: Exsanguinate


You were on level 3 of the Dungeon.
You were alive.

You visited 1 branch of the dungeon, and saw 3 of its levels.

You collected 156 gold pieces.

Inventory:

Hand Weapons
 a - a +2 dagger (weapon)
 f - a +0 club
 h - a +0 dagger
 o - a cursed +0 whip
Missiles
 d - 23 poisoned darts (quivered)
 e - 2 curare-tipped darts
 g - 44 arrows
 k - 38 sling bullets
 n - 18 stones
Armour
 b - a +0 robe
 c - a +0 cloak
 q - a +0 robe
 t - a scarf of repulsion (worn)
 u - a +0 ring mail
 y - a +0 leather armour (worn)
 z - a +0 buckler
Scrolls
 i - a scroll of fog {unknown}
 l - 4 scrolls of teleportation {unknown}
 m - a scroll of enchant weapon {unknown}
 v - a scroll of identify {unknown}
 x - a scroll of amnesia {unknown}
Potions
 j - a potion of haste {unknown}
 p - a potion of agility {unknown}
 s - a potion of might {unknown}
 w - a potion of ambrosia {unknown}
Comestibles
 r - 4 rations


   Skills:
 + Level 2.5 Fighting
 + Level 3.1 Short Blades
 + Level 1.6 Throwing
 + Level 0.3 Armour
 + Level 2.3 Dodging
 + Level 7.8 Stealth


You had 4 spell levels left.
You didn't know any spells.
Your spell library was empty.

Dungeon Overview and Level Annotations

Branches:
Dungeon (3/15)

Altars:
Dithmenos


Innate Abilities, Weirdness & Mutations

You do not eat.
Your natural rate of healing is unusually fast.
You have razor-sharp teeth.
You have supernaturally acute eyesight. (SInv)
You can survive without breathing.


Message History

You hit the orc but do no damage.
The orc is severely wounded.
The orc hits you with a +0 short sword.
* * * LOW HITPOINT WARNING * * *
You hit the orc but do no damage.
The orc is severely wounded.
The orc hits you but does no damage.
You hit the orc but do no damage.
The orc is severely wounded.
The orc hits you but does no damage.
You barely miss the orc. You bite the orc, but do no damage.
The orc is severely wounded.
The orc misses you.
You barely miss the orc. You bite the orc.
You kill the orc!
You hit the frilled lizard.
You kill the frilled lizard!
The orc priest mumbles some strange prayers to Beogh against you.
Beogh smites you!
You die...

≈♣ s≈≈≈.♣...#
≈≈≈≈≈.≈P.#
≈≈≈≈≈≈≈♣.#
≈≈.≈≈.P..#
≈≈≈≈≈≈...#
♣..P#...#######
##.#..........o###
..............o)@#
##################
##### o...# ###.#
#.# #.# #o#


You could see an orc priest and an orc.

Vanquished Creatures
  5 adders (D:2)
  A gnoll (D:1)
  3 worms
  3 leopard geckos
  3 orcs (D:3)
  A ball python (D:2)
  11 bats
  6 giant cockroaches
  11 goblins
  7 hobgoblins
  8 jackals
  2 quokkas (D:2)
  8 frilled lizards
  5 kobolds
  5 rats (D:2)
79 creatures vanquished.

Notes
Turn   | Place    | Note
-------+----------+-------------------------------------------
     0 | D:1      | crastion the Vampire Assassin began the quest for the Orb.
     0 | D:1      | Reached XP level 1. HP: 16/16 MP: 1/1
    55 | D:1      | Reached skill level 6 in Stealth
   127 | D:1      | Reached XP level 2. HP: 19/22 MP: 2/2
   344 | D:1      | Reached skill level 7 in Stealth
   475 | D:1      | Reached XP level 3. HP: 27/27 MP: 3/3
  1327 | D:2      | Reached XP level 4. HP: 33/33 MP: 4/4
  1578 | D:2      | Found a shadowy altar of Dithmenos.
  2131 | D:3      | Found a faded altar of an unknown god.
  2252 | D:3      | Reached XP level 5. HP: 39/39 MP: 5/5
  2384 | D:3      | HP: 1/39 [orc/+0 short sword (6)]
  2392 | D:3      | Killed from afar by an orc priest

Levels and vault maps discovered:
D:1:      dpeg_arrival_long_road, layout_basic, minivault_24,
          minmay_misc_feat_square
D:2:      layout_rooms, grunt_dithmenos_smoke_and_mirrors,
          serial_co_window_serial, co_window_paths_b, co_window_paths_a,
          co_window_paths_b, co_window_corner_a, co_window_of_opportunity_a,
          co_window_corner_a, co_window_corner_ca, co_window_of_opportunity_b,
          co_window_unsneaky_path_d, co_window_broadway_c, glass_columns_a,
          glass_columns_c, glass_columns_a, glass_columns_a, glass_columns_a
D:3:      minmay_recursive_quarters, layout_loops_ring, first_ration,
          chequers_ecumenical_altar_simple_redux, serial_bayou_pond_b,
          minmay_tree_intersection, roderic_lattice_a, minmay_door_square

Skill      XL: |  1  2  3  4 |
---------------+-------------+-----
Stealth        | 6 7 |  7.8
Fighting       | 2 |  2.5
Dodging        | 2 |  2.3
Short Blades   | 3 |  3.1
Throwing       | |  1.6
Armour         | |  0.3

Action                   |  1- 3 |  4- 6 || total
-------------------------+-------+-------++-------
Melee: Dagger            |   146 |   139 ||   285
       Bite              |    13 |    14 ||    27
 Stab: Sleeping          |     8 |     8 ||    16
Armor: Robe              |    50 |     8 ||    58
       Ring mail         |       |    18 ||    18
       Leather armour    |       |    18 ||    18
Dodge: Dodged            |   139 |    86 ||   225

Table legend:
 A = Non-vault XP
 B = Vault XP
 C = Vault XP percentage of total XP
 D = Non-vault monster count
 E = Vault monster count
 F = Vault count percentage of total count
                 A         B        C        D         E       F
            +---------+---------+-------+---------+---------+-------
      Total |     211 |       6 |   2.8 |      75 |       4 |   5.1
            +---------+---------+-------+---------+---------+-------
        D:1 |      63 |       0 |   0.0 |      28 |       0 |   0.0
        D:2 |     117 |       0 |   0.0 |      35 |       0 |   0.0
        D:3 |      31 |       6 |  16.2 |      12 |       4 |  25.0
            +---------+---------+-------+---------+---------+-------
